 Dungeon Crawl Stone Soup version 0.20.0-10-g0535bb4 (webtiles) character file.

2260 Gargoyl the Ducker (level 9, -3/74 HPs)
             Began as a Green Draconian Abyssal Knight on June 7, 2017.
             Was a Priest of Lugonu.
             Slain by a two-headed ogre
             ... wielding a +0 giant club
              (13 damage)
             ... on level 6 of the Dungeon.
             The game lasted 00:10:33 (6538 turns).

Gargoyl the Ducker (Green Draconian Abyssal Knight) Turns: 6538, Time: 00:10:33

Health: -3/74      AC:  7    Str: 14    XL:     9   Next: 15%
Magic:  13/13      EV: 20    Int: 14    God:    Lugonu [***...]
Gold:   323        SH:  0    Dex: 13    Spells: 8/8 levels left

rFire    . . .     SeeInvis .   j - +3 falchion (holy)
rCold    . . .     Gourm    .   (no shield)
rNeg     . . .     Faith    .   (armour unavailable)
rPois    +         Spirit   .   (helmet restricted)
rElec    .         Reflect  .   (no cloak)
rCorr    .         Harm     .   (no gloves)
MR       .....                  (no boots)
Stlth    +.........             (no amulet)
Regen    0.3/turn               c - +3 ring of evasion
MPRegen  0.2/turn               n - +1 ring of evasion

@: short of breath
A: breathe noxious fumes, unfitting armour, poison resistance, cold-blooded, AC
+7
a: Breathe Noxious Fumes, Depart the Abyss, Bend Space, Banish, Renounce
Religion


You were on level 6 of the Dungeon.
You worshipped Lugonu.
Lugonu was most pleased with you.
You were hungry.

You visited 1 branch of the dungeon, and saw 6 of its levels.
You visited the Abyss 1 time.

You collected 323 gold pieces.

Inventory:

Hand Weapons
 a - a +2 hand axe
 j - a +3 falchion of holy wrath (weapon)
Armour
 x - a +0 buckler
Jewellery
 c - a +3 ring of evasion (left hand)
 n - a +1 ring of evasion (right hand)
Wands
 l - a wand of polymorph (15/24)
Scrolls
 d - 5 scrolls of remove curse
 p - 2 scrolls of fog
 q - a scroll of teleportation
 s - a scroll of amnesia
 u - a scroll of enchant weapon
 y - a scroll of identify
Potions
 e - 4 potions of curing
 g - a potion of berserk rage {unknown}
 h - 2 potions of cancellation {unknown}
 i - a potion of magic {unknown}
 m - 2 potions of heal wounds {unknown}
 o - a potion of invisibility {unknown}
 t - a potion of lignification {unknown}
 w - 2 potions of haste {unknown}
Books
 r - a book of Frost

   Spells                             Type                      Level
   a - Freeze                         Ice                          1
   b - Throw Frost                    Conjuration/Ice              2
   c - Ozocubu's Armour               Charms/Ice                   3
   d - Throw Icicle                   Conjuration/Ice              4
   e - Summon Ice Beast               Ice/Summoning                4
Comestibles
 b - 6 bread rations
 f - a meat ration
 k - 3 royal jellies
 v - 5 fruits


   Skills:
 + Level 5.6 Fighting
 + Level 5.9 Long Blades
 + Level 4.0 Axes
 * Level 7.2 Dodging
 * Level 5.7 Invocations


You had 8 spell levels left.
You didn't know any spells.

Dungeon Overview and Level Annotations

Branches:
Dungeon (6/15)             Temple (0/1) D:6

Altars:
Cheibriados
Dithmenos
Elyvilon
Hepliaklqana
Nemelex Xobeh
Ru
Xom
Yredelemnul


Innate Abilities, Weirdness & Mutations

You can breathe blasts of noxious fumes.
Your lurid green scales are hard. (AC +7)
You cannot fit into any form of body armour.
Your system is resistant to poisons. (rPois)
You are cold-blooded and may be slowed by cold attacks.


Message History

The two-headed ogre closely misses you. x2
You completely miss the two-headed ogre.
Your tail-slap misses the two-headed ogre.
The two-headed ogre is severely wounded.
The two-headed ogre closely misses you. The two-headed ogre misses you.
You barely miss the two-headed ogre.
The two-headed ogre is severely wounded.
The two-headed ogre misses you.
You riposte.
You barely miss the two-headed ogre.
The two-headed ogre is severely wounded.
The two-headed ogre completely misses you.
You hit the two-headed ogre.
Your tail-slap misses the two-headed ogre.
The two-headed ogre is almost dead.
You hit the two-headed ogre.
The two-headed ogre is almost dead.
The two-headed ogre hits you with a giant club!!
* * * LOW HITPOINT WARNING * * *
The two-headed ogre hits you with a giant club!
You die...

####.# .....# ######
######### #.......#
#.#####.# ##
######.#####.#
.##########.....O...##.#
............####@##.##.#
.####.##.##.# #.).....#
......##.##.# ###......#
..#.#.##....# #..###.#
..#.#.#####.### #.... .#
......#.......# #.##.#.#
#(#(#.........# #.. ...#
..((.(........# ### ###
...#...)......#


You could see a two-headed ogre.

Vanquished Creatures
  The ghost of Gargoyl the Ducker, a novice DrAK of Lugonu (D:5)
  Grinder (D:4)
  Sigmund (D:2)
  An ice beast (D:5)
  2 phantoms (D:5)
  5 ogres
  A centaur (D:6)
  2 bullfrogs (D:6)
  A scorpion (D:6)
  A crimson imp (D:5)
  A bullfrog zombie (D:6)
  2 jellies
  An orc priest (D:3)
  2 hounds
  5 iguanas
  Natasha (thrice) (D:4)
  3 worker ants (D:5)
  A hound zombie (D:6)
  A hound skeleton (D:4)
  A worker ant zombie (D:6)
  3 adders
  A white imp (Abyss:1)
  An ooze (D:3)
  An adder skeleton (D:4)
  5 worms
  A dart slug (D:5)
  4 leopard geckos (D:6)
  12 orcs
  4 bats (D:2)
  7 giant cockroaches
  7 goblins
  6 hobgoblins
  13 jackals
  4 kobolds
  2 quokkas
  A ball python (D:3)
  9 frilled lizards
  10 rats
127 creatures vanquished.

Notes
Turn   | Place    | Note
-------+----------+-------------------------------------------
     0 | Abyss:1  | Gargoyl the Draconian Abyssal Knight began the quest for the Orb.
     0 | Abyss:1  | Reached XP level 1. HP: 19/19 MP: 2/2
    55 | Abyss:1  | Noticed a small abomination
   115 | Abyss:1  | Noticed a crimson imp
   117 | Abyss:1  | Noticed a chaos spawn
   161 | D:1      | Escaped the Abyss
   422 | D:1      | Reached XP level 2. HP: 26/26 MP: 3/3
   894 | D:1      | Reached * piety under Lugonu
  1397 | D:2      | Reached XP level 3. HP: 33/33 MP: 4/4
  1824 | D:2      | Noticed Sigmund
  1835 | D:2      | Killed Sigmund
  1835 | D:2      | Reached skill level 3 in Dodging
  1835 | D:2      | Reached XP level 4. HP: 26/40 MP: 4/6
  1835 | D:2      | Reached XP level 5. HP: 30/46 MP: 4/7
  2057 | D:2      | Reached ** piety under Lugonu
  2550 | D:3      | Found a faded altar of an unknown god.
  2602 | D:3      | Found a sacrificial altar of Ru.
  2735 | D:3      | Reached XP level 6. HP: 52/52 MP: 8/8
  3045 | D:4      | Noticed Grinder
  3045 | D:4      | Paralysed by Grinder for 2 turns
  3187 | D:4      | Paralysed by Grinder for 4 turns
  3545 | D:4      | Reached skill level 4 in Dodging
  3577 | D:4      | Found a shimmering altar of Xom.
  3624 | D:4      | Reached skill level 1 in Long Blades
  3878 | D:4      | Paralysed by Grinder for 3 turns
  3883 | D:4      | Killed Grinder
  3883 | D:4      | Your scales start taking on a lurid green colour.
  3883 | D:4      | Reached XP level 7. HP: 51/60 MP: 9/9
  3883 | D:4      | Gained mutation: Your system is resistant to poisons. (rPois) [Green Draconian growth]
  4069 | D:4      | Noticed Natasha
  4075 | D:4      | Killed Natasha
  4096 | D:4      | Noticed Natasha
  4099 | D:4      | Killed Natasha
  4126 | D:4      | Found a white marble altar of Elyvilon.
  4223 | D:4      | Noticed Natasha
  4229 | D:4      | Killed Natasha
  4295 | D:5      | Entered Level 5 of the Dungeon
  4317 | D:5      | Found a sparkling altar of Nemelex Xobeh.
  4323 | D:5      | Found a snail-covered altar of Cheibriados.
  4323 | D:5      | Found a basalt altar of Yredelemnul.
  4331 | D:5      | Found a hazy altar of Hepliaklqana.
  4383 | D:5      | Reached skill level 5 in Dodging
  4413 | D:5      | Reached *** piety under Lugonu
  4459 | D:5      | Found a shadowy altar of Dithmenos.
  4643 | D:5      | Reached XP level 8. HP: 37/67 MP: 11/11
  4919 | D:5      | Noticed Gargoyl's ghost (novice DrAK)
  4949 | D:5      | Killed Gargoyl's ghost
  4949 | D:5      | Reached skill level 5 in Fighting
  4949 | D:5      | Reached skill level 6 in Dodging
  4949 | D:5      | Reached skill level 5 in Invocations
  5424 | D:6      | Reached skill level 5 in Long Blades
  6054 | D:6      | Reached XP level 9. HP: 74/74 MP: 13/13
  6075 | D:6      | Reached skill level 7 in Dodging
  6311 | D:6      | Found a staircase to the Ecumenical Temple.
  6517 | D:6      | Noticed a two-headed ogre
  6538 | D:6      | Slain by a two-headed ogre

Skill      XL: |  1  2  3  4  5  6  7  8  9 |
---------------+----------------------------+-----
Fighting       | 4 5 |  5.6
Axes           | 3 4 |  4.0
Dodging        | 3 4 5 6 7 |  7.2
Invocations    | 3 4 5 |  5.7
Long Blades    | 2 3 5 |  5.9

Action                   |  1- 3 |  4- 6 |  7- 9 || total
-------------------------+-------+-------+-------++-------
Melee: Hand axe          |   100 |    13 |       ||   113
       Tailslap          |     8 |    14 |    33 ||    55
       Falchion          |       |    79 |   222 ||   301
Invok: Depart the Abyss  |     1 |       |       ||     1
       Bend Space        |       |     1 |       ||     1
 Abil: Breathe Noxious F |       |       |     8 ||     8
  Use: Scroll            |     7 |     2 |     2 ||    11
       Potion            |       |       |     3 ||     3
 Stab: Confused          |       |       |     6 ||     6
  Eat: Chunk             |     3 |     6 |    10 ||    19
Armor: Skin              |    35 |    26 |    29 ||    90
Dodge: Dodged            |   121 |   108 |   182 ||   411
       Rpst.: Falchion   |       |    32 |    48 ||    80
